 Dungeon Crawl Stone Soup version 0.22-a0-480-g991dd4b (webtiles) character file.

21 DrEnzyme the Changer (level 2, 0/20 HPs)
             Began as a Demonspawn Wanderer on June 15, 2018.
             Slain by a jackal (1 damage)
             ... on level 1 of the Dungeon.
             The game lasted 00:06:15 (1244 turns).

DrEnzyme the Changer (Demonspawn Wanderer)          Turns: 1244, Time: 00:06:16

Health: 0/20       AC:  2    Str: 13    XL:     2   Next: 65%
Magic:  1/5        EV: 11    Int: 11    God:
Gold:   19         SH:  0    Dex: 13    Spells: 1/5 levels left

rFire    + . .     SeeInvis .   g - +0 club
rCold    . . .     Gourm    .   (no shield)
rNeg     . . .     Faith    .   e - +0 robe
rPois    .         Spirit   .   (no helmet)
rElec    .         Reflect  .   (no cloak)
rCorr    .         Harm     .   (no gloves)
MR       .....                  (no boots)
Stlth    ++........             (no amulet)
HPRegen  0.06/turn              (no ring)
MPRegen  0.09/turn              (no ring)

@: very slightly contaminated
A: fire resistance 1
a: no special abilities


You were on level 1 of the Dungeon.
You were not hungry.

You visited 1 branch of the dungeon, and saw 1 of its levels.

You collected 19 gold pieces.

Inventory:

Hand Weapons
 a - a +2 blowgun
 g - a +0 club (weapon)
 h - a +0 dagger
 k - a +0 hunting sling
Armour
 e - a +0 robe (worn)
Scrolls
 i - 2 scrolls of magic mapping {unknown}
 j - 2 scrolls of immolation {unknown}
Comestibles
 f - 5 rations


   Skills:
 + Level 0.5 Fighting
 + Level 0.3 Short Blades
   Level 1.0 Crossbows
 + Level 1.3 Throwing
 - Level 2.0 Armour
 + Level 0.5 Dodging
 - Level 1.0 Stealth
 - Level 2.2 Spellcasting
 - Level 2.6 Transmutations


You had one spell level left.
You knew the following spells:

 Your Spells              Type           Power        Failure   Level  Hunger
a - Sticks to Snakes      Tmut           #.......     14%         2    ###....
b - Blink                 Tloc           N/A          41%         2    ###....

Your spell library contained the following spells:

 Spells                   Type           Power        Failure   Level  Hunger
 Passwall                 Tmut/Erth      #.......     26%         2    ###....
 Shroud of Golubria       Chrm/Tloc      #.........   41%         2    ###....


Dungeon Overview and Level Annotations

Branches:
Dungeon (1/15)

Altars:


Innate Abilities, Weirdness & Mutations

Your flesh is heat resistant. (rF+)


Message History

The jackal bites you.
* * * LOW HITPOINT WARNING * * *
You hit the jackal.
You kill the jackal!
The jackal bites you but does no damage.
The jackal bites you.
* * * LOW HITPOINT WARNING * * *
The jackal closely misses you. The jackal bites you.
* * * LOW HITPOINT WARNING * * *
The jackal barely misses you.
Casting: Blink (safe; 41% risk of failure)
Confirm with . or Enter, or press ? or * to list all spells.
You blink.
Casting: Blink (safe; 41% risk of failure)
Confirm with . or Enter, or press ? or * to list all spells.
You miscast Blink.
The world appears momentarily distorted!
The jackal bites you.
You die...

#. #.....# . #. #.#...#
#.##.####.###.#
#...#..##.# #.#
#.>#......#
#.##################
##.........#
#.[.................
#..........#
#########...h§.#####
...........#########
#.####.#
...##...........@h.###.#
#.#
....#.##.#.#######.....#
#.# .......#.#.#####
####### #.#
.....#.#..)..... #w#####
.....#...#.##### #....w.
...#####...# ###.###
.....#...### #.#
.....#.### #.# ......[#
#.#


You could see a jackal.

Vanquished Creatures
  A bat (D:1)
  A giant cockroach (D:1)
  2 hobgoblins (D:1)
  3 jackals (D:1)
  2 kobolds (D:1)
  3 frilled lizards (D:1)
  5 goblins (D:1)
  3 rats (D:1)
20 creatures vanquished.

Notes
Turn   | Place    | Note
-------+----------+-------------------------------------------
     0 | D:1      | DrEnzyme the Demonspawn Wanderer began the quest for the Orb.
     0 | D:1      | DrEnzyme set off with: 4 curare-tipped needles, a +2 blowgun, a +0 robe, a ration
     0 | D:1      | Reached XP level 1. HP: 13/13 MP: 3/3
   173 | D:1      | Gained mutation: Your flesh is heat resistant. (rF+) [demonic ancestry]
   173 | D:1      | Reached XP level 2. HP: 19/19 MP: 5/5
   991 | D:1      | Learned a level 2 spell: Sticks to Snakes
   994 | D:1      | Learned a level 2 spell: Blink
  1227 | D:1      | HP: 1/20 [jackal (2)]
  1232 | D:1      | HP: 1/20 [jackal (1)]
  1244 | D:1      | Slain by a jackal

Vault maps used:
D:1:      tarquinn_simple_flora_water_f

Skill      XL: |  1 |
---------------+----+-----
Armour         | 2 |  2.0
Fighting       | |  0.5
Short Blades   | |  0.3
Crossbows      | |  1.0
Throwing       | |  1.3
Dodging        | |  0.5
Stealth        | |  1.0
Spellcasting   | |  2.2
Transmutations | |  2.6

Action                   || total
-------------------------++-------
Melee: Unarmed           ||    64
       Dagger            ||    18
       Club              ||    16
 Fire: Blowgun           ||    14
       Hunting sling     ||     3
 Cast: Blink             ||     1
  Use: Potion            ||     2
  Eat: Chunk             ||     1
Armor: Robe              ||    25
Dodge: Dodged            ||    98

Table legend:
 A = Spawn XP
 B = Non-spawn XP
 C = Spawn XP percentage of total XP
 D = Spawn monster count
 E = Non-spawn monster count
 F = Spawn count percentage of total count
 G = Total turns spent on level
                    A         B        C        D         E        F      G
               +---------+---------+-------+---------+---------+-------+---------
         Total |       0 |      31 |   0.0 |       0 |      20 |   0.0 |  1244
               +---------+---------+-------+---------+---------+-------+---------
           D:1 |       0 |      31 |   0.0 |       0 |      20 |   0.0 |  1244
               +---------+---------+-------+---------+---------+-------+---------
